[Event "XIX Sants Open 2017"]
[Site "Cotxeres de Sants"]
[Date "2017.08.23"]
[Round "6"]
[White "Siegel, Rainer"]
[Black "Fernandez Benito, Carlos Pablo"]
[Result "1/2-1/2"]
[ECO "C00"]
[WhiteElo "1551"]
[BlackElo "1632"]
[Annotator "NA RC"]
[PlyCount "80"]
[EventDate "2017.??.??"]
[EventType "swiss"]
[EventCountry "ESP"]
[SourceTitle "playchess.com"]
[Source "ChessBase"]
[SourceQuality "1"]
[TimeControl "40/5400+30:1800+30"]

1. d3 d5 2. Nd2 Nf6 3. Ngf3 e6 4. e4 dxe4 5. dxe4 Nc6 6. c3 Bc5 7. Be2 O-O 8. b4 Bd6 9. b5 Ne5 10. Ng5 h6 11. Nh3 b6 12. f4 Bb7 13. fxe5 Bxe5 14. O-O Bxc3 15. Rb1 Qd4+ 16. Kh1 Rad8 17. Qb3 Bxd2 18. Rd1 Qc3 19. Bxd2 Qxb3 20. Rxb3 Bxe4 21. Rb2 Rd7 22. Bf4 Rxd1+ 23. Bxd1 c5 24. bxc6 Bxc6 25. Rc2 Bd5 26. Kg1 g5 27. Bd6 Ra8 28. Nf2 Ne8 29. Ba3 f5 30. Nd3 Be4 31. Rc3 Rd8 32. Nf2 Bd5 33. Bb3 Bxb3 34. axb3 Kf7 35. Nd3 Kf6 36. Nb4 Kf7 37. h4 g4 38. Bc1 h5 39. Bg5 e5 40. Kf2 f4 1/2-1/2

[Event "XIX Sants Open 2017"]
[Site "Cotxeres de Sants"]
[Date "2017.08.23"]
[Round "6"]
[White "Lopez Oliva, Victor"]
[Black "Lopez Arjona, Emilio"]
[Result "*"]
[WhiteElo "1530"]
[BlackElo "1547"]
[Annotator "NA RC"]
[PlyCount "22"]
[EventDate "2017.??.??"]
[EventType "swiss"]
[EventCountry "ESP"]
[SourceTitle "playchess.com"]
[Source "ChessBase"]
[SourceQuality "1"]
[TimeControl "40/5400+30:1800+30"]

1. d4 Nf6 2. Nf3 g6 3. Nc3 d6 4. Bg5 Bg7 5. Qd2 h6 6. Bh4 c6 7. h3 b5 8. e3 Qc7 9. Bd3 Bb7 10. O-O a6 11. Bg3 c5 *

[Event "XIX Sants Open 2017"]
[Site "Cotxeres de Sants"]
[Date "2017.08.23"]
[Round "6"]
[White "Lopez Oliva, Victor"]
[Black "Lopez Arjona, Emilio"]
[Result "1/2-1/2"]
[ECO "B21"]
[WhiteElo "1530"]
[BlackElo "1547"]
[Annotator "NA RC"]
[PlyCount "100"]
[EventDate "2017.??.??"]
[EventType "swiss"]
[EventCountry "ESP"]
[SourceTitle "playchess.com"]
[Source "ChessBase"]
[SourceQuality "1"]
[TimeControl "40/5400+30:1800+30"]

1. e4 c5 2. d4 cxd4 3. c3 d3 4. Bxd3 e6 5. Nf3 Be7 6. O-O a6 7. Qc2 d6 8. Be3 Nf6 9. Nbd2 Nbd7 10. Nd4 O-O 11. N2f3 Nc5 12. e5 dxe5 13. Nxe5 Nxd3 14. Nxd3 Qc7 15. Nf3 b5 16. Rad1 Bb7 17. Bf4 Qc4 18. b3 Qc8 19. Nfe5 Rd8 20. c4 Be4 21. f3 Bc5+ 22. Kh1 Bxd3 23. Rxd3 Rxd3 24. Qxd3 bxc4 25. Qxc4 Nd5 26. Nd3 Bf8 27. Rc1 Qxc4 28. Rxc4 Nxf4 29. Nxf4 Rd8 30. Kg1 Rd1+ 31. Kf2 Rd2+ 32. Ke3 Rxa2 33. Rc8 g6 34. h3 Kg7 35. g3 Ra3 36. Rb8 a5 37. Rb7 Kg8 38. Ke4 Bd6 39. h4 h5 40. Rb6 Bc7 41. Rb7 Bd6 42. Rb6 Bb4 43. Rb8+ Kg7 44. Rb7 Kf8 45. Rb8+ Ke7 46. Rb7+ Kd6 47. Rxf7 Rxb3 48. Rf6 Kd7 49. Rxe6 Bd2 50. Rxg6 Re3+ 1/2-1/2

[Event "XIX Sants Open 2017"]
[Site "Cotxeres de Sants"]
[Date "2017.08.24"]
[Round "7"]
[White "Garcia Ruiz, Adrian"]
[Black "Torralba Brosa, Marc"]
[Result "1/2-1/2"]
[ECO "B35"]
[WhiteElo "1940"]
[BlackElo "1839"]
[Annotator "NA RC"]
[PlyCount "63"]
[EventDate "2017.??.??"]
[EventType "swiss"]
[EventCountry "ESP"]
[SourceTitle "playchess.com"]
[Source "ChessBase"]
[SourceQuality "1"]
[TimeControl "40/5400+30:1800+30"]

1. e4 c5 2. Nf3 g6 3. d4 cxd4 4. Nxd4 Nc6 5. Nc3 Bg7 6. Be3 Nf6 7. Bc4 O-O 8. Bb3 d6 9. f3 Bd7 10. Qd2 Na5 11. O-O-O Rb8 12. h4 b5 13. Bh6 Bxh6 14. Qxh6 e5 15. Nde2 b4 16. Nd5 Nxb3+ 17. axb3 Nxd5 18. exd5 Qc7 19. Ng3 f6 20. h5 g5 21. Ne4 Bf5 22. Rd2 Bxe4 23. fxe4 Rb6 24. Rf2 Ra6 25. Kd2 Rc8 26. Rc1 Qc5 27. Qxf6 Qd4+ 28. Ke2 Rxc2+ 29. Rxc2 Qxe4+ 30. Kd2 Qd4+ 31. Ke2 Qe4+ 32. Kd2 1/2-1/2

[Event "XIX Sants Open 2017"]
[Site "Cotxeres de Sants"]
[Date "2017.08.24"]
[Round "7"]
[White "Casset Bello, Elena"]
[Black "Petit Montes, Marc"]
[Result "1/2-1/2"]
[ECO "D12"]
[WhiteElo "1936"]
[BlackElo "1948"]
[Annotator "NA RC"]
[PlyCount "118"]
[EventDate "2017.??.??"]
[EventType "swiss"]
[EventCountry "ESP"]
[SourceTitle "playchess.com"]
[Source "ChessBase"]
[SourceQuality "1"]
[TimeControl "40/5400+30:1800+30"]

1. d4 d5 2. c4 c6 3. Nf3 Nf6 4. e3 Bf5 5. Bd3 Bxd3 6. Qxd3 e6 7. O-O Bd6 8. Nbd2 Nbd7 9. e4 dxe4 10. Nxe4 Nxe4 11. Qxe4 Nf6 12. Qe2 {[%emt 0:01:01] LiveBook: 14 Games D12: Slav Defence: 3 Nf3 Nf6 4 e3 Bf5} O-O 13. Bg5 (13. Rd1 Qc7 14. Bg5 Bf4 15. Bxf6 gxf6 16. d5 Rfe8 17. dxe6 fxe6 18. g3 Bh6 19. Rd3 e5 20. Rad1 Rad8 21. Nh4 Rxd3 22. Rxd3 Rd8 23. Qg4+ Kh8 24. Rxd8+ Qxd8 25. Qe6 Bf8 26. Nf5 {1-0 (26) Mozharov,M (2540)-Bystrov,S (2280) Pardubice 2014}) 13... h6 14. Bh4 Be7 15. Rfd1 Re8 16. Rac1 $146 Nh5 17. Bxe7 Qxe7 18. Qe5 Nf6 19. a3 Rad8 20. h3 Qd6 21. Kf1 Kf8 22. Qxd6+ Rxd6 23. Ke2 Red8 24. b4 R6d7 25. Ke3 Rc7 26. a4 Rdc8 27. a5 b5 28. axb6 axb6 29. Ra1 b5 30. Rdc1 Rb7 31. Ra6 bxc4 32. Rxc4 Nd5+ 33. Ke4 Nxb4 34. Ra4 ({Better is} 34. Ra3 $15) 34... Nd5 35. Ra6 Rbc7 36. Ne5 Ne7 37. Rc5 f6 38. Nd3 Rb8 39. Rc4 Kf7 40. Nb4 Rbc8 41. Rc5 Ke8 42. g3 Kd7 43. f4 (43. Rc1 $15) 43... Nd5 44. Nd3 Rb8 45. g4 $2 ({White should play} 45. Rca5 $15) 45... g6 (45... Rb3 $17 46. f5 exf5+ 47. gxf5 Rc8 48. Raxc6 Rxc6 49. Rxd5+ Kc8) 46. h4 $2 (46. Rc1 $17) 46... f5+ $2 (46... Rb3 $19 {is more deadly.} 47. Rca5 f5+ 48. gxf5 gxf5+ 49. Ke5 Rxd3) 47. gxf5 exf5+ 48. Kf3 Rb3 49. Ke2 Rxd3 (49... Kd6 $17 50. Rc4 Rb1) 50. Rxd5+ cxd5 51. Kxd3 Rc6 52. Ra7+ Ke6 53. Rg7 $1 Kf6 54. Rd7 $1 Ke6 55. Rg7 Kf6 56. Rd7 Ke6 57. Rg7 $11 Kf6 58. Rd7 Re6 59. Rxd5 Re4 1/2-1/2

[Event "XIX Sants Open 2017"]
[Site "Cotxeres de Sants"]
[Date "2017.08.24"]
[Round "7"]
[White "Serentill Tost, Eduard"]
[Black "Lopez Oliva, Victor"]
[Result "0-1"]
[ECO "B01"]
[WhiteElo "1619"]
[BlackElo "1530"]
[Annotator "NA RC"]
[PlyCount "108"]
[EventDate "2017.??.??"]
[EventType "swiss"]
[EventCountry "ESP"]
[SourceTitle "playchess.com"]
[Source "ChessBase"]
[SourceQuality "1"]
[TimeControl "40/5400+30:1800+30"]

1. e4 d5 2. exd5 Qxd5 3. Nc3 Qa5 4. d4 Nf6 5. Nf3 Bf5 6. Bc4 e6 7. Bd2 c6 8. Ne4 Qd8 9. Nxf6+ Qxf6 10. c3 h6 11. h3 Nd7 12. Qe2 Nb6 13. Bb3 Be7 14. Bf4 O-O 15. g4 Bxg4 16. hxg4 Qxf4 17. Nd2 Bg5 18. O-O-O Rad8 19. Kb1 Nd5 20. Ne4 Nf6 21. Nxf6+ Qxf6 22. Bc2 g6 23. Rd3 Qf4 24. Rdh3 Kg7 25. f3 Rh8 26. Qc4 Rh7 27. Qb3 b5 28. Qa3 Rdh8 29. Qc5 h5 30. Qe5+ Qxe5 31. dxe5 hxg4 32. Rxh7+ Rxh7 33. Rxh7+ Kxh7 34. fxg4 Bf4 35. Be4 c5 36. Bc6 b4 37. cxb4 cxb4 38. a3 bxa3 39. bxa3 Bxe5 40. Kc2 f5 41. gxf5 exf5 42. Kd3 Kh6 43. Ke3 g5 44. Bd7 Kg6 45. a4 g4 46. Bc8 Kg5 47. Bb7 Bf4+ 48. Kf2 Bc1 49. Kg2 Kh4 50. Bc6 f4 51. Bd5 Be3 52. Bc6 f3+ 53. Kf1 Kg3 54. Bd7 Kf4 0-1

[Event "XIX Sants Open 2017"]
[Site "Cotxeres de Sants"]
[Date "2017.08.24"]
[Round "7"]
[White "Abdelkader Garstka, Adam"]
[Black "Aparicio Escudero, Hector F"]
[Result "1-0"]
[ECO "B00"]
[WhiteElo "1612"]
[BlackElo "1641"]
[Annotator "NA RC"]
[PlyCount "71"]
[EventDate "2017.??.??"]
[EventType "swiss"]
[EventCountry "ESP"]
[SourceTitle "playchess.com"]
[Source "ChessBase"]
[SourceQuality "1"]
[TimeControl "40/5400+30:1800+30"]

1. e4 Nc6 2. Nf3 d6 3. Nc3 Nf6 4. Bb5 Bd7 5. O-O e5 6. h3 Be7 7. d3 O-O 8. Be3 a6 9. Ba4 b5 10. Bb3 Na5 11. Nd2 Nxb3 12. axb3 c5 13. f4 Bc6 14. fxe5 dxe5 15. Qe1 Bb7 16. Rf5 Nd7 17. Qg3 f6 18. Nf3 c4 19. bxc4 bxc4 20. d4 Qb6 21. Na4 Qb5 22. dxe5 Bxe4 23. exf6 Bxf6 24. Rxb5 axb5 25. Rd1 Rxa4 26. Rxd7 Ra1+ 27. Kh2 Bxc2 28. Bd4 Bxd4 29. Nxd4 Bg6 30. Qe5 Rf7 31. Rxf7 Kxf7 32. Qe6+ Kf8 33. Nxb5 Rb1 34. Qxc4 Rxb2 35. Qf4+ Bf7 36. Nd6 1-0

[Event "XIX Sants Open 2017"]
[Site "Cotxeres de Sants"]
[Date "2017.08.24"]
[Round "7"]
[White "Segura Ruiz, Carlos"]
[Black "Lopez Arjona, Emilio"]
[Result "1-0"]
[ECO "A01"]
[WhiteElo "1414"]
[BlackElo "1547"]
[Annotator "NA RC"]
[PlyCount "87"]
[EventDate "2017.??.??"]
[EventType "swiss"]
[EventCountry "ESP"]
[SourceTitle "playchess.com"]
[Source "ChessBase"]
[SourceQuality "1"]
[TimeControl "40/5400+30:1800+30"]

1. b3 Nf6 2. Bb2 c5 3. g3 Nc6 4. Bg2 d5 5. c4 d4 6. d3 e5 7. Nd2 Bd6 8. Ngf3 O-O 9. Ng5 Qc7 10. Nge4 Nxe4 11. Nxe4 Be7 12. O-O f5 13. Nd2 Bd7 14. a3 Rab8 15. Qc2 Bd6 16. Rae1 Rbe8 17. e4 f4 18. Nf3 Be7 19. Bc1 g5 20. Kh1 Kh8 21. Ng1 Rg8 22. f3 fxg3 23. hxg3 Rg6 24. Bh3 Rh6 25. Kg2 Rf8 26. Rf2 Qc8 27. g4 Nd8 28. Ne2 Rg6 29. Rh1 Kg7 30. Ng3 h6 31. Nf5+ Bxf5 32. gxf5 Rgf6 33. Bg4 Rh8 34. Kg3 Nf7 35. Rfh2 Qc6 36. Bd2 Bd8 37. Qc1 Qe8 38. Bh5 Qf8 39. Bxf7 Rxf7 40. Kg4 Kf6 41. Bxg5+ Kg7 42. Rxh6 Rxf5 43. exf5 Kf7 44. Rxh8 1-0

[Event "XIX Sants Open 2017"]
[Site "Cotxeres de Sants"]
[Date "2017.08.24"]
[Round "7"]
[White "Zverev, Lev"]
[Black "Vargas Drechsler, Carlos"]
[Result "0-1"]
[ECO "C50"]
[WhiteElo "1372"]
[BlackElo "1913"]
[Annotator "NA RC"]
[PlyCount "136"]
[EventDate "2017.??.??"]
[EventType "swiss"]
[EventCountry "ESP"]
[SourceTitle "playchess.com"]
[Source "ChessBase"]
[SourceQuality "1"]
[TimeControl "40/5400+30:1800+30"]

1. e4 e5 2. Nf3 Nc6 3. Bc4 Nf6 4. d3 Bc5 5. c3 d6 6. Bb3 Bg4 7. Nbd2 {[%emt 0:00:40] C54: Giuoco Piano: 4 c3 Nf6, main lines with 5 d4 and 5 d3} Qd7 8. O-O O-O-O 9. Bc2 d5 10. Ba4 $146 ({Predecessor:} 10. b4 Bb6 11. Qe2 Rhe8 12. Re1 Nh5 13. exd5 Nf4 14. Qe4 Nd4 15. cxd4 {0-1 (58) Men,B-Sherzer,A (2460) Durango 1992}) 10... dxe4 11. dxe4 Rhe8 12. Qe2 Qd3 13. Qxd3 Rxd3 14. Bc2 Rdd8 15. b4 Bd6 16. Bb2 Ne7 17. h3 Bh5 18. g4 Bg6 19. a3 Nc6 20. Rad1 Bf8 21. Nh4 a6 22. Nxg6 hxg6 23. f3 Be7 24. Bb3 Rh8 25. Bxf7 Rxh3 26. Bxg6 Rdh8 27. Kf2 Rh2+ 28. Kg1 Rh1+ 29. Kf2 R1h2+ 30. Ke3 Nxg4+ 31. fxg4 Bg5+ (31... R8h3+ $17 32. Rf3 Bg5+ 33. Kd3 Ne7 34. Rxh3 Rxh3+ 35. Ke2 Rh2+ 36. Kf1 Bxd2) 32. Kd3 Bxd2 33. Kc2 Bf4+ 34. Kb1 Re2 35. Bc1 Rhh2 36. Bf7 Bxc1 37. Rxc1 Rb2+ 38. Ka1 Kd7 39. Bc4 Nd8 40. Rh1 b5 41. Rcd1+ Ke7 42. Bg8 Ne6 43. Rxh2 Rxh2 44. Bxe6 Kxe6 45. Rd8 Rg2 46. Ra8 Rxg4 47. Rxa6+ Kd7 48. Ra8 Rxe4 49. Kb2 Re2+ 50. Kc1 g5 51. Kd1 Rg2 52. Rg8 Kd6 53. Ke1 c6 54. Rd8+ Ke6 55. Rd3 e4 56. Re3 Ke5 57. Kf1 Ra2 58. Re2 Rxe2 59. Kxe2 g4 60. Kf2 Kd5 61. a4 bxa4 62. Ke1 a3 63. Kf2 a2 64. c4+ Kxc4 65. Ke2 a1=Q 66. Kd2 Qc3+ 67. Kd1 Kd3 68. b5 Qd2# 0-1

[Event "XIX Sants Open 2017"]
[Site "Cotxeres de Sants"]
[Date "2017.08.25"]
[Round "8"]
[White "Petit Montes, Marc"]
[Black "Anjali R  Sagar"]
[Result "1-0"]
[ECO "C45"]
[WhiteElo "1948"]
[BlackElo "1813"]
[Annotator "NA RC"]
[PlyCount "31"]
[EventDate "2017.??.??"]
[EventType "swiss"]
[EventCountry "ESP"]
[SourceTitle "playchess.com"]
[Source "ChessBase"]
[SourceQuality "1"]
[TimeControl "40/5400+30:1800+30"]

1. e4 e5 2. Nf3 Nc6 3. d4 exd4 4. Nxd4 Bc5 5. Be3 Qf6 6. Nb5 Bxe3 7. fxe3 Qh4+ 8. g3 Qd8 9. Qg4 Nf6 10. Nxc7+ Qxc7 11. Qxg7 Ke7 12. Qxh8 Qb6 13. Nc3 Qxe3+ 14. Be2 Nd4 15. Qxf6+ Kf8 16. Qh8+ 1-0

[Event "XIX Sants Open 2017"]
[Site "Cotxeres de Sants"]
[Date "2017.08.25"]
[Round "8"]
[White "Vargas Drechsler, Carlos"]
[Black "Casset Bello, Elena"]
[Result "0-1"]
[ECO "E06"]
[WhiteElo "1913"]
[BlackElo "1936"]
[Annotator "NA RC"]
[PlyCount "124"]
[EventDate "2017.??.??"]
[EventType "swiss"]
[EventCountry "ESP"]
[SourceTitle "playchess.com"]
[Source "ChessBase"]
[SourceQuality "1"]
[TimeControl "40/5400+30:1800+30"]

1. d4 d5 2. Nf3 Nf6 3. c4 e6 4. g3 Be7 5. Bg2 O-O 6. O-O dxc4 7. Ne5 Nc6 8. Nxc6 bxc6 9. Bxc6 Rb8 10. Nc3 Bb7 11. Bxb7 Rxb7 12. e4 {[%emt 0:00:51] E05: Open Catalan: 5 Nf3 Be7} (12. e3 Bb4 13. Qf3 Rb8 14. Qe2 Bxc3 15. bxc3 Ne4 16. Qxc4 Qd5 17. Qxd5 exd5 18. c4 dxc4 19. Ba3 Rfe8 {½-½ (54) Cori Tello,J (2549)-Fernandez Garcia,J (2353) Linares 2014}) 12... c5 13. e5 Nd5 $146 ({Predecessor:} 13... Nd7 14. Qg4 cxd4 15. Bh6 Bf6 16. exf6 Qxf6 17. Bg5 Qg6 18. Nd1 e5 19. Re1 f5 {0-1 (28) Schalkwijk,P (1722)-Hynes,T (1817) Chessfriend.com 2003}) 14. Qg4 Kh8 15. dxc5 Nxc3 16. bxc3 Qd5 17. Rd1 Qxc5 18. Be3 Qxe5 19. Qxc4 Rc7 20. Qg4 f5 21. Bd4 fxg4 22. Bxe5 Rb7 23. Rab1 Rxb1 24. Rxb1 Bf6 25. Bxf6 gxf6 26. Rb7 a5 27. Ra7 Rc8 28. Rxa5 Kg7 29. Ra3 Kg6 30. Kf1 Rc5 31. Ke2 Re5+ 32. Kd3 Rh5 33. c4 Rxh2 34. Ke3 h5 35. c5 h4 36. c6 hxg3 37. fxg3 Rc2 38. Ra6 f5 39. a4 Kf6 40. a5 Ke5 41. Rb6 Kd6 42. a6 (42. c7+ $5 Kd7 43. a6 Rxc7 44. Kd4 $11) 42... Kc7 43. a7 Ra2 44. Rb7+ Kxc6 45. Re7 Kd6 46. Rb7 Kc6 47. Re7 Kd6 48. Rb7 e5 49. Rf7 $2 ({White has to play} 49. Rb6+ $1 $15 Kc5 50. Rb7) 49... Ke6 50. Rb7 (50. Rc7 {was called for.} Ra3+ 51. Kf2) 50... Ra3+ 51. Kf2 {[%emt 0:03:03] [#]} f4 $1 52. Rg7 Ra2+ 53. Kf1 Kf5 54. gxf4 exf4 55. Rb7 Kg5 56. Rh7 f3 57. a8=Q Rxa8 58. Kf2 Ra2+ 59. Ke3 Re2+ 60. Kd3 Re6 61. Rh8 f2 62. Rg8+ Kh4 (62... Rg6 $19 63. Rf8 Rf6 64. Rg8+ Kh6 65. Rh8+ Kg7) 0-1

[Event "XIX Sants Open 2017"]
[Site "Cotxeres de Sants"]
[Date "2017.08.25"]
[Round "8"]
[White "Sole Gonzalez, Edgar"]
[Black "Schilling, Florian"]
[Result "1/2-1/2"]
[ECO "A85"]
[WhiteElo "1866"]
[BlackElo "1892"]
[Annotator "NA RC"]
[PlyCount "112"]
[EventDate "2017.??.??"]
[EventType "swiss"]
[EventCountry "ESP"]
[SourceTitle "playchess.com"]
[Source "ChessBase"]
[SourceQuality "1"]
[TimeControl "40/5400+30:1800+30"]

1. d4 f5 2. c4 Nf6 3. Nc3 b6 4. Bf4 Bb7 5. e3 e6 6. Nf3 Ne4 {A40: Unusual replies to 1 d4} 7. Bd3 Be7 8. O-O (8. Qc2 Nxc3 9. Qxc3 O-O 10. h4 c5 11. O-O-O Bxf3 12. gxf3 cxd4 13. exd4 {0-1 (44) Andreasen,J (2219)-Miezis,N (2494) Koge 2015}) 8... O-O 9. Nd2 Bg5 $146 ({Predecessor:} 9... Nxc3 10. bxc3 d6 11. f3 e5 12. Bg3 Nd7 13. Qc2 g6 {½-½ (46) Cavatorta,F (1905)-Vezzani,S (2183) Imperia 2011}) 10. Bxe4 fxe4 11. Bxg5 Qxg5 12. Ncxe4 Qg6 13. Ng3 Na6 14. Qb1 Qg4 15. b4 Rae8 (15... d6 $16 16. a4 (16. b5 Nb8 $16) 16... c5) 16. b5 Nb8 17. Qd1 Qg6 18. Qh5 Qc2 19. Qe2 e5 20. d5 a5 21. Nde4 Qxe2 22. Nxe2 d6 23. N2g3 Bc8 24. f3 Nd7 25. Rf2 Nf6 26. Nxf6+ Rxf6 27. Raf1 h6 28. Ne4 Rf5 29. g4 Rf7 30. Kg2 Bd7 31. Rg1 Ref8 32. h3 Kh8 33. Nd2 Re7 34. Kf1 Be8 35. Ke2 Bg6 36. Rgf1 Kg8 37. h4 h5 38. gxh5 Bxh5 39. e4 (39. Ne4 $16) 39... Rf4 40. Rh1 Ref7 41. Rh3 Bg4 42. Rg3 Bh5 43. Rh2 Kf8 44. Ke3 R7f6 45. Rhh3 Be8 46. Rg4 $2 (46. h5 $14 {stays ahead.}) 46... Bd7 47. Rhg3 Bxg4 48. fxg4 Rg6 $2 (48... Rf2 $19 49. g5 R6f4) 49. g5 Rxh4 50. Rf3+ Ke7 51. Rf5 (51. Rg3 $142) 51... Rg4 52. Nf3 {[#]} Rg2 (52... a4 $1 $19 53. a3 Ke8) 53. a4 Ke8 54. Kd3 Rg4 55. Ke3 Rg2 $11 56. Kd3 Rg4 1/2-1/2

[Event "XIX Sants Open 2017"]
[Site "Cotxeres de Sants"]
[Date "2017.08.25"]
[Round "8"]
[White "Forte Esparza, Miguel"]
[Black "Abdelkader Garstka, Adam"]
[Result "1-0"]
[ECO "C02"]
[WhiteElo "1602"]
[BlackElo "1612"]
[Annotator "NA RC"]
[PlyCount "47"]
[EventDate "2017.??.??"]
[EventType "swiss"]
[EventCountry "ESP"]
[SourceTitle "playchess.com"]
[Source "ChessBase"]
[SourceQuality "1"]
[TimeControl "40/5400+30:1800+30"]

1. e4 c5 2. c3 e6 3. d4 d5 4. e5 Nc6 5. Nf3 cxd4 6. cxd4 Nge7 7. a3 Nf5 8. b4 Be7 9. Bb2 Bd7 10. Nc3 a6 11. Rc1 O-O 12. Be2 f6 13. O-O fxe5 14. dxe5 Bg5 15. Nxg5 Qxg5 16. Nxd5 exd5 17. Qxd5+ Rf7 18. e6 Bxe6 19. Qxe6 Ncd4 20. Rc8+ Qd8 21. Rxd8+ Rxd8 22. Bxd4 Nxd4 23. Qg4 Rf4 24. Bc4+ {Ra8} 1-0

[Event "XIX Sants Open 2017"]
[Site "Cotxeres de Sants"]
[Date "2017.08.25"]
[Round "8"]
[White "Lopez Arjona, Emilio"]
[Black "Ferre Navarro, Joan"]
[Result "0-1"]
[ECO "B06"]
[WhiteElo "1547"]
[BlackElo "1594"]
[Annotator "NA RC"]
[PlyCount "89"]
[EventDate "2017.??.??"]
[EventType "swiss"]
[EventCountry "ESP"]
[SourceTitle "playchess.com"]
[Source "ChessBase"]
[SourceQuality "1"]
[TimeControl "40/5400+30:1800+30"]

1. e4 g6 2. d4 Bg7 3. Nc3 a6 4. Be3 d6 5. Bc4 Nf6 6. f3 Nbd7 7. a3 c5 8. a4 b6 9. Qd2 cxd4 10. Bxd4 Bb7 11. Nge2 Rc8 12. Bb3 Nc5 13. Bd5 O-O 14. Bxb7 Nxb7 15. O-O Nc5 16. Be3 Nfd7 17. Bd4 Ne5 18. b3 e6 19. Rac1 Qc7 20. Kh1 Ncd7 21. Be3 Nf6 22. Bh6 Rfd8 23. Bxg7 Kxg7 24. f4 Ned7 25. Rf3 Qc5 26. Nb1 Nxe4 27. Qe1 Ndf6 28. Ng3 d5 29. Nxe4 Nxe4 30. h3 Rc7 31. Kh2 Rdc8 32. c4 Qd6 33. Rd1 Nf6 34. Qc3 Rd7 35. Rd4 Kg8 36. Nd2 Qb8 37. g3 b5 38. axb5 axb5 39. h4 Ng4+ 40. Kh3 h5 41. Kg2 Qb6 42. Qc2 Qxd4 43. Nf1 bxc4 44. Rd3 Qxd3 45. Qc3 0-1

[Event "XIX Sants Open 2017"]
[Site "Cotxeres de Sants"]
[Date "2017.08.25"]
[Round "8"]
[White "Lopez Oliva, Victor"]
[Black "Segura Ruiz, Carlos"]
[Result "0-1"]
[ECO "B10"]
[WhiteElo "1530"]
[BlackElo "1414"]
[Annotator "NA RC"]
[PlyCount "87"]
[EventDate "2017.??.??"]
[EventType "swiss"]
[EventCountry "ESP"]
[SourceTitle "playchess.com"]
[Source "ChessBase"]
[SourceQuality "1"]
[TimeControl "40/5400+30:1800+30"]

1. e4 c6 2. Nc3 d5 3. Nf3 dxe4 4. Nxe4 Nf6 5. Nxf6+ exf6 6. Bc4 Be7 7. O-O O-O 8. d4 Bg4 9. c3 b5 10. Bb3 Na6 11. h3 Bh5 12. a3 Nc7 13. Bf4 Nd5 14. Bg3 Bd6 15. Bxd5 cxd5 16. Bxd6 Qxd6 17. Qd3 Qf4 18. a4 Bxf3 19. Qxf3 Qxf3 20. gxf3 a5 21. axb5 Rfb8 22. Ra2 Rxb5 23. Rfa1 Rd8 24. Rxa5 Rxb2 25. Ra8 Rbb8 26. Rxb8 Rxb8 27. Ra5 Rd8 28. Rc5 Kf8 29. c4 dxc4 30. Rxc4 Ke7 31. Kf1 Kd6 32. Ke2 Rd7 33. Kd3 Ra7 34. Ke4 g6 35. d5 Rc7 36. Rxc7 Kxc7 37. h4 h5 38. f4 Kd6 39. f3 Kc5 40. d6 Kxd6 41. Kd4 Kc6 42. Ke4 Kc5 43. Kd3 Kd5 44. Ke3 0-1

[Event "XIX Sants Open 2017"]
[Site "Cotxeres de Sants"]
[Date "2017.08.26"]
[Round "9"]
[White "Garcia Ruiz, Adrian"]
[Black "Lopez Gallego, Miguel Angel"]
[Result "1-0"]
[ECO "B90"]
[WhiteElo "1940"]
[BlackElo "1819"]
[Annotator "NA"]
[PlyCount "91"]
[EventDate "2017.??.??"]
[EventType "swiss"]
[EventCountry "ESP"]
[SourceTitle "playchess.com"]
[Source "ChessBase"]
[SourceQuality "1"]
[TimeControl "40/5400+30:1800+30"]

1. e4 c5 2. Nf3 d6 3. d4 cxd4 4. Nxd4 Nf6 5. Nc3 a6 6. Be3 e6 7. Be2 Be7 8. O-O Qc7 9. a4 b6 10. f4 Nbd7 11. Qe1 Bb7 12. Bf3 Nc5 13. e5 dxe5 14. fxe5 Nd5 15. Nxd5 Bxd5 16. Bxd5 exd5 17. Qg3 g6 18. Qf3 O-O-O 19. Qe2 Kb7 20. Rxf7 Qxe5 21. b4 Nd7 22. Qd2 Bf6 23. Rf1 Rhe8 24. Rxh7 Rh8 25. Nf3 Qe4 26. Rxh8 Rxh8 27. Bd4 Rc8 28. c3 Rc7 29. Re1 Qf5 30. Bxf6 Nxf6 31. Qd4 Ne4 32. a5 Rc6 33. Ne5 Rd6 34. Rf1 Qc8 35. Rf7+ Ka8 36. axb6 Qxc3 37. Rf8+ Kb7 38. Rf7+ Ka8 39. Rf8+ Kb7 40. Rf7+ Ka8 41. b7+ Kb8 42. Rf8+ Kxb7 43. Rf7+ Kc8 44. Qa7 Qe1+ 45. Rf1 Qxf1+ 46. Kxf1 1-0

[Event "XIX Sants Open 2017"]
[Site "Cotxeres de Sants"]
[Date "2017.08.26"]
[Round "9"]
[White "Casset Bello, Elena"]
[Black "Sole Gonzalez, Edgar"]
[Result "1/2-1/2"]
[ECO "D35"]
[WhiteElo "1936"]
[BlackElo "1866"]
[Annotator "NA"]
[PlyCount "49"]
[EventDate "2017.??.??"]
[EventType "swiss"]
[EventCountry "ESP"]
[SourceTitle "playchess.com"]
[Source "ChessBase"]
[SourceQuality "1"]
[TimeControl "40/5400+30:1800+30"]

1. d4 d5 2. c4 e6 3. cxd5 exd5 4. Nc3 Nf6 5. Bg5 Nbd7 6. e3 c6 7. Bd3 Be7 8. Qc2 O-O 9. Nf3 h6 10. Bh4 Re8 11. O-O Ne4 12. Bxe7 Qxe7 13. Bxe4 dxe4 14. Nd2 Nf6 15. Nc4 Bf5 16. Ne2 Nd5 17. Ng3 Bg6 18. a3 h5 19. Ne5 Qe6 20. Nxg6 Qxg6 21. Ne2 h4 22. h3 Qf5 23. Nc3 Re6 24. Nxd5 cxd5 25. Qc7 1/2-1/2

[Event "XIX Sants Open 2017"]
[Site "Cotxeres de Sants"]
[Date "2017.08.26"]
[Round "9"]
[White "Morera Campos, Yanori Maria"]
[Black "Petit Montes, Marc"]
[Result "1/2-1/2"]
[ECO "B19"]
[WhiteElo "1887"]
[BlackElo "1948"]
[Annotator "NA"]
[PlyCount "50"]
[EventDate "2017.??.??"]
[EventType "swiss"]
[EventCountry "ESP"]
[SourceTitle "playchess.com"]
[Source "ChessBase"]
[SourceQuality "1"]
[TimeControl "40/5400+30:1800+30"]

1. e4 c6 2. d4 d5 3. Nd2 dxe4 4. Nxe4 Bf5 5. Ng3 Bg6 6. h4 h6 7. Nf3 Nd7 8. h5 Bh7 9. Bd3 Bxd3 10. Qxd3 Ngf6 11. Bd2 Qc7 12. O-O-O O-O-O 13. Kb1 e6 14. c4 Bd6 15. Ne4 Nxe4 16. Qxe4 Nf6 17. Qc2 c5 18. Qa4 Kb8 19. g3 Ka8 20. Rh4 Rc8 21. Be3 Rhd8 22. Rd3 Qd7 23. Qd1 Qc7 24. Qa4 Qd7 25. Qd1 Qc7 1/2-1/2

[Event "XIX Sants Open 2017"]
[Site "Cotxeres de Sants"]
[Date "2017.08.26"]
[Round "9"]
[White "Calonge Fabregat, Marc"]
[Black "Zverev, Lev"]
[Result "1-0"]
[ECO "A00"]
[WhiteElo "1885"]
[BlackElo "1372"]
[Annotator "NA"]
[PlyCount "81"]
[EventDate "2017.??.??"]
[EventType "swiss"]
[EventCountry "ESP"]
[SourceTitle "playchess.com"]
[Source "ChessBase"]
[SourceQuality "1"]
[TimeControl "40/5400+30:1800+30"]

1. e3 d5 2. c4 e6 3. Nf3 Nf6 4. d4 Be7 5. Nc3 O-O 6. Be2 b6 7. b3 Bb7 8. O-O Nbd7 9. Bb2 c5 10. Rc1 Rc8 11. Qd3 dxc4 12. bxc4 cxd4 13. exd4 Bxf3 14. Qxf3 e5 15. Nb5 a6 16. dxe5 axb5 17. exf6 Bxf6 18. Bxf6 Nxf6 19. cxb5 Rxc1 20. Rxc1 Qd2 21. Qe3 Qxa2 22. Bf1 Qb2 23. Rc6 Nd5 24. Qe4 Nf6 25. Qe3 Nd5 26. Qe4 Nf6 27. Qc4 Nd7 28. Rd6 Ne5 29. Qc7 g6 30. Rd8 Qa1 31. Rxf8+ Kxf8 32. Qd8+ Kg7 33. Qxb6 Nc4 34. Qd8 Qc3 35. Qc7 Qd4 36. Qxc4 Qxc4 37. Bxc4 Kf6 38. b6 Kg5 39. b7 Kh4 40. b8=Q h5 41. Qf4# 1-0